 Dungeon Crawl Stone Soup version 0.29-a0-844-ge8845773e3 (webtiles) character file.

Game seed: 4150927113785604381

157 Ijustatesigmund the Stinger (level 5, 0/29 (31) HPs)
             Began as an Octopode Venom Mage on July 15, 2022.
             Slain by a necrophage (2 damage)
             ... on level 4 of the Dungeon.
             The game lasted 00:06:29 (4456 turns).

Ijustatesigmund the Stinger (Octopode Venom Mage)   Turns: 4456, Time: 00:06:31

HP:   0/29 (31)     AC:  1    Str:  7    XL:     5   Next: 38%
MP:   8/8           EV: 13    Int: 20    God:
Gold: 192           SH:  0    Dex: 12    Spells: 0/9 levels left

rFire   . . .      SeeInvis .   b - +0 whip (venom)
rCold   . . .      Faith    .   (no shield)
rNeg    . . .      Spirit   .   (helmet restricted)
rPois   .          Reflect  .   e - amulet of the acrobat
rElec   .          Harm     .   (no ring)
rCorr   .          Rampage  .   (no ring)
Will    .....                   (no ring)
Stlth   +++.......              (no ring)
HPRegen 0.09/turn               (no ring)
MPRegen 0.11/turn               (no ring)
                                (no ring)
                                (no ring)

@: drained
A: almost no armour, amphibious, 8 rings, camouflage 1, gelatinous body 1,
(nimble swimmer 1), tentacles
a: no special abilities


You were on level 4 of the Dungeon.
You visited 1 branch of the dungeon, and saw 4 of its levels.

You collected 192 gold pieces.

Inventory:

Hand Weapons
 b - a +0 whip of venom (weapon)
Missiles
 k - 2 throwing nets
Jewellery
 e - an amulet of the acrobat (around mantle)
Scrolls
 c - 2 scrolls of teleportation
 i - a scroll of silence {unknown}
 j - a scroll of amnesia {unknown}
 m - a scroll of fog {unknown}
Potions
 a - a potion of magic
 d - 2 potions of attraction
 f - a potion of might
 g - a potion of brilliance {unknown}
 h - 2 potions of heal wounds {unknown}
 l - 2 potions of curing {unknown}
 n - a potion of mutation {unknown}
 o - a potion of ambrosia {unknown}


   Skills:
 - Level 2.0 Dodging
 - Level 2.6 Stealth
 + Level 2.5 Spellcasting
 + Level 1.4 Conjurations
 + Level 2.6 Transmutations
 * Level 0.2 Fire Magic
 + Level 1.9 Air Magic
 - Level 4.8 Poison Magic


You couldn't memorise any spells.
You knew the following spells:

 Your Spells              Type           Power      Damage    Failure   Level
a - Sting                 Tmut/Pois      68%        1d6       3%          1
b - Poisonous Vapours     Pois/Air       30%        N/A       6%          2
c - Mephitic Cloud        Conj/Pois/Air  13%        N/A       14%         3
d - Ignite Poison         Fire/Tmut/Pois 12%        N/A       16%         3

Your spell library contained the following spells:

 Spells                   Type           Power      Damage    Failure   Level
 Shock                    Conj/Air       36%        1d5       8%          1
 Foxfire                  Conj/Fire      20%        2x1d5     11%         1
 Necrotise                Necr           8%         1d4       16%         1
 Swiftness                Air            10%        N/A       21%         3
 Olgreb's Toxic Radiance  Pois           21%        N/A       21%         4
 Sublimation of Blood     Necr           2%         N/A       22%         2
 Conjure Flame            Conj/Fire      5%         6-21      32%         3
 Inner Flame              Hex/Fire       2%         N/A       41%         3
 Vampiric Draining        Necr           2%         2d6       41%         3
 Airstrike                Air            5%         0-3+      56%         4
 Petrify                  Tmut/Erth      7%         N/A       65%         4
 Flame Wave               Conj/Fire      5%         2d5       71%         4
 Irradiate                Conj/Tmut      5%         3d13      87%         5
 Freezing Cloud           Conj/Ice/Air   3%         6-21      95%         5
 Agony                    Necr           2%         N/A       99%         5


Dungeon Overview and Level Annotations

Branches:
Dungeon (4/15)             Temple (0/1) D:4

Altars:
Zin

Shops:
D:1 :


Innate Abilities, Weirdness & Mutations

You cannot wear most types of armour.
You are amphibious.
You can wear up to eight rings at the same time.
Your skin changes colour to match your surroundings (Stealth+).
Your rubbery body absorbs attacks. (AC +1, EV +1)
((You are camouflaged when in or above water. (Stealth+)))
You have tentacles for arms and can constrict up to eight enemies at once.


Message History

A necrophage comes into view.
Casting: Poisonous Vapours (safe; 6% risk of failure)
Confirm with . or Enter, or press ? or * to list all spells.
You can't see any susceptible monsters within range! (Use Z to cast anyway.)
You hit the necrophage. Your grab misses the necrophage.
You squeeze the necrophage!
The necrophage is moderately damaged.
The necrophage hits you.
You barely miss the necrophage. You grab the necrophage.
Your squeeze misses the necrophage.
The necrophage is moderately damaged.
You constrict the necrophage, but do no damage.
The necrophage barely misses you.
You hit the necrophage but do no damage.
The necrophage is moderately damaged.
You constrict the necrophage, but do no damage.
The necrophage barely misses you.
You hit the necrophage.
The necrophage is heavily damaged.
You constrict the necrophage. The necrophage barely misses you.
You hit the necrophage.
The necrophage is severely damaged.
You constrict the necrophage, but do no damage.
The necrophage hits you.
You feel drained.
You barely miss the necrophage. You squeeze the necrophage.
The necrophage is severely damaged.
You constrict the necrophage. The necrophage hits you!
You are too injured to fight recklessly!
You are too injured to fight recklessly!
You are too injured to fight recklessly!
You are too injured to fight recklessly!
You are too injured to fight recklessly!
You hit the necrophage.
The necrophage is almost destroyed.
You constrict the necrophage. The necrophage hits you!
* * * LOW HITPOINT WARNING * * *
The necrophage hits you.
* * * LOW HITPOINT WARNING * * *
You feel drained.
You die...

.#.# #.##.# .#.#
#..#####.##.###
.#.#
)............#
...####
#..####.##.#.#
........# #.
#.##.#.# ...###..#
#.. #.##.#.# ...#
# #..# #.##.#.#
...#
##.#..n###.##.#.#
...#
#.....?@........#
....
..............###
.....
.....#..#.#.......
..##.# #..#
#....#.###### #.
##...#<# # #...#.#
##..#.# #..#.# #..
.#


You could see a necrophage.

Vanquished Creatures
  A hound (D:3)
  4 gnolls (D:3)
  2 adders (D:3)
  A worm (D:2)
  3 dart slugs
  5 orcs (D:3)
  4 ball pythons
  6 bats
  5 endoplasms
  4 giant cockroaches
  5 hobgoblins
  6 kobolds
  5 quokkas
  2 frilled lizards
  3 goblins
  A rat (D:1)
57 creatures vanquished.

Notes
Turn   | Place    | Note
-------+----------+-------------------------------------------
     0 | D:1      | Ijustatesigmund the Octopode Venom Mage began the quest for
                  | the Orb.
     0 | D:1      | Reached XP level 1. HP: 11/11 MP: 3/3
   352 | D:1      | Reached XP level 2. HP: 14/17 MP: 5/5
   355 | D:1      | Learned a level 2 spell: Poisonous Vapours
   426 | D:1      | Reached skill level 4 in Poison Magic
   732 | D:1      | Found Qong's Vocational Training.
   966 | D:1      | Found a faded altar of an unknown god.
  1189 | D:2      | Reached XP level 3. HP: 20/21 MP: 6/6
  1193 | D:2      | Learned a level 3 spell: Mephitic Cloud
  1767 | D:2      | Reached skill level 1 in Air Magic
  1863 | D:2      | Found a glowing silver altar of Zin.
  2645 | D:3      | Reached XP level 4. HP: 20/27 MP: 4/7
  3103 | D:3      | Reached skill level 1 in Conjurations
  3163 | D:3      | Reached XP level 5. HP: 27/31 MP: 6/8
  3639 | D:3      | Learned a level 3 spell: Ignite Poison
  4379 | D:4      | Found a staircase to the Ecumenical Temple.
  4456 | D:4      | Slain by a necrophage

Illustrated notes

Levels and vault maps discovered:
D:1:      shiori_shiawase, layout_rooms, hellmonk_ecumenical_altar_slurped_away,
          kennysheep_nondescript, minmay_strange_pillars,
          nicolae_shop_vocational
D:2:      layout_basic, basic_altar
D:3:      layout_basic
D:4:      layout_basic, minmay_temple_entry_poolview,
          hangedman_abyss_or_decor_passed, guppyfry_early_orc_mine, uniq_robin,
          uniq_eustachio, uniq_menkaure

Skill      XL: |  1  2  3  4 |
---------------+-------------+-----
Poison Magic   | 4 |  4.8
Transmutations | 2 |  2.6
Air Magic      | 1 |  1.9
Conjurations   | 1 |  1.4
Dodging        | |  2.0
Stealth        | |  2.6
Spellcasting   | |  2.5
Fire Magic     | |  0.2

Action                   |  1- 3 |  4- 6 || total
-------------------------+-------+-------++-------
Melee: Unarmed           |     7 |       ||     7
       Dagger            |    27 |       ||    27
       Tentacles         |    13 |    15 ||    28
       Constrict         |    13 |    12 ||    25
       Whip              |    22 |    51 ||    73
 Cast: Sting             |     3 |     5 ||     8
       Poisonous Vapours |     9 |    11 ||    20
       Ignite Poison     |       |     1 ||     1
  Use: Scroll            |     4 |     1 ||     5
 Stab: Sleeping          |     9 |     2 ||    11
Armor: Skin              |       |     1 ||     1
Dodge: Dodged            |    32 |    35 ||    67

Table legend: (Time is in decaauts)
 A = Elapsed time spent in this place.
 B = Non-inter-level travel time spent in this place.
 C = Inter-level travel time spent in this place.
 D = Time resting spent in this place.
 E = Time spent auto-exploring this place.
 F = Levels seen in this place.
 G = Mean time per level.
                   A        B        C        D        E       F      G
               +--------+--------+--------+--------+--------+-----+--------+
         Total |   4463 |   4411 |     52 |   1664 |   2310 |   4 | 1115.8 |
       Dungeon |   4463 |   4411 |     52 |   1664 |   2310 |   4 | 1115.8 |
               +--------+--------+--------+--------+--------+-----+--------+

Top non-repeatable levels by time:
     D:2: 1716 daAuts
     D:3: 1606 daAuts
     D:1: 1006 daAuts
     D:4: 133 daAuts
